Map: Ley Lines

Players

Vaisravana

  • Race: Protoss Protoss
  • Spawn Location: 1:00

A.I. 1 (Very Easy) - Winner!

  • Race: Zerg Zerg
  • Spawn Location: 7:00

VOD

Have the link to the VOD?

Description

Time

  • Played on: Nov. 5, 2025, 6:49 a.m.
  • Length: 5:16
Show
View Real Time Build Order
Export as new Build Order

Vaisravana Protoss 

Build Orders: 1 Gate Expand 

Get SALT Encoding   

  12  0:00  Probe  
  13  0:12  Probe  
  14  0:18  Pylon  
  14  0:24  Probe  
  15  0:34  Probe  
  15  0:38  Gateway  
  15  0:42  Probe  
  16  0:48  Assimilator  
  17  0:51  Probe  
  18  1:03  Probe  
  19  1:15  Probe  
  20  1:26  Nexus  
  20  1:37  Cybernetics Core  
  21  1:40  Probe  
  21  1:46  Assimilator  
  21  1:52  Probe  
  22  1:56  Pylon  
  22  2:03  Stalker  
  22  2:05  Probe  
  22  2:06  Warp Gate  
  25  2:17  Probe  
  26  2:28  Robotics Facility  
  26  2:29  Probe  
  27  2:35  Adept  
  29  2:38  Probe  
  29  2:41  Probe  
  31  2:48  Gateway  
  31  2:51  Probe  
  31  2:53  Probe  
  33  3:03  Probe  
  33  3:04  Warp Prism  
  33  3:05  Adept, Probe  
  37  3:19  Gateway  
  39  3:25  Gateway  
  39  3:31  Gateway  
  39  3:37  Gateway  
  39  3:43  Gateway  
  39  3:51  Pylon  
  39  3:58  Stalker x2  
  43  4:12  Pylon  
  43  4:15  Stalker  
  45  4:21  Zealot, Stalker  
  45  4:22  Zealot  
  51  4:31  Pylon  
  51  4:39  Zealot x3  
  51  4:40  Zealot  
  51  4:42  Zealot  
  61  4:56  Zealot x2  
  65  5:01  Zealot  
  65  5:02  Zealot  
Show
View Real Time Build Order
Export as new Build Order

A.I. 1 (Very Easy) Zerg - Winner!

Build Orders: Pool Only 

Get SALT Encoding   

  12  0:01  Drone  
  13  0:12  Overlord  
  13  0:17  Drone  
  14  0:34  Spawning Pool  
  13  0:37  Drone  
  13  0:41  Extractor  
  13  0:44  Drone  
  14  0:51  Overlord  
  14  1:22  Zergling x2  
  14  1:23  Queen  
  17  1:31  Roach Warren  
  16  1:32  Extractor  
  16  1:37  Drone  
  16  1:44  Drone  
  17  1:48  Zergling x2  
  18  2:03  Drone  
  19  2:10  Drone  
  19  2:15  Zergling x2  
  21  2:19  Drone  
  22  2:29  Overlord  
  22  2:32  Drone  
  23  2:40  Drone  
  23  2:41  Roach  
  26  2:47  Drone  
  27  4:50  Zergling x2  
  28  4:56  Overlord  
  25  5:04  Drone  
Tags
 
Add a new tag
Caveats
  • Supply blocks, unpowered buildings, or Contaminate may cause inaccurate times.
  • Supply counts are checked every 10 seconds.